 Dungeon Crawl Stone Soup version 0.29-a0-275-g389c0b56f3 (webtiles) character file.

Game seed: 16523399126952510804

4 Crownlay the Digger (level 1, -1/10 HPs)
             Began as a Gargoyle Earth Elementalist on Mar 12, 2022.
             Slain by a hobgoblin (4 damage)
             ... on level 1 of the Dungeon.
             The game lasted 00:00:14 (83 turns).

Crownlay the Digger (Gargoyle Earth Elementalist)     Turns: 83, Time: 00:00:15

Health: -1/10      AC:  4    Str: 11    XL:     1   Next: 60%
Magic:  0/3        EV: 11    Int: 15    God:
Gold:   0          SH:  0    Dex: 10    Spells: 3/4 levels left

rFire   . . .      SeeInvis .   (no weapon)
rCold   . . .      Faith    .   (no shield)
rNeg    + . .      Spirit   .   b - +0 robe
rPois   ∞          Reflect  .   (no helmet)
rElec   +          Harm     .   (no cloak)
rCorr   .          Rampage  .   (no gloves)
Will    .....                   (no boots)
Stlth   ++........              (no amulet)
HPRegen 0.03/turn               (no ring)
MPRegen 0.08/turn               (no ring)

@: no status effects
A: sickness immunity, AC +2, negative energy resistance 1, electricity
resistance, torment resistance 1, petrification resistance
a: no special abilities


You were on level 1 of the Dungeon.
You visited 1 branch of the dungeon, and saw 1 of its levels.

Inventory:

Missiles
 a - 69 stones
Armour
 b - a +0 robe (worn)
Scrolls
 d - a scroll of summoning {unknown}
Potions
 c - a potion of magic
 e - a potion of flight {unknown}


   Skills:
 - Level 1.5 Dodging
 - Level 2.1 Stealth
 * Level 2.2 Spellcasting
 - Level 0.7 Transmutations
 + Level 3.7 Earth Magic


You had 3 spell levels left.
You knew the following spells:

 Your Spells              Type           Power      Damage    Failure   Level
a - Sandblast             Erth           24%        2d8       4%          1

Your spell library contained the following spells:

 Spells                   Type           Power      Damage    Failure   Level
 Passwall                 Tmut/Erth      6%         N/A       13%         2
 Stone Arrow              Conj/Erth      14%        3d7       30%         3
 Petrify                  Tmut/Erth      8%         N/A       65%         4


Dungeon Overview and Level Annotations

Branches:
Dungeon (1/15)

Altars:


Innate Abilities, Weirdness & Mutations

You are immune to sickness and miasma.
Your stone body is resilient. (AC +2)
You are immune to poison.
You resist negative energy. (rN+)
You are resistant to electric shocks. (rElec)
You are resistant to unholy torment.
You are immune to petrification.


Message History

The blast of sand hits the bat!
You kill the bat!
Magic restored.
a - 73 stones (gained 25)
An endoplasm comes into view.
An endoplasm is nearby!
The endoplasm quivers.
Found a scroll labelled JEKU ZUIBUOWIO.
The blast of sand hits the endoplasm.
You kill the endoplasm!
e - a coppery potion A goblin comes into view.
It is wielding a +0 dagger.
The goblin shouts!
A hobgoblin comes into view.
A hobgoblin comes into view.
The hobgoblin shouts! x2
The blast of sand misses the goblin.
The blast of sand hits the goblin!
You kill the goblin!
The blast of sand hits the hobgoblin.
The hobgoblin is almost dead.
Found a book of Blood.
The hobgoblin hits you.
You are too depleted to draw on your mana recklessly!
You closely miss the hobgoblin.
The hobgoblin is almost dead.
The hobgoblin barely misses you.
The hobgoblin hits you but does no damage.
You barely miss the hobgoblin.
The hobgoblin is almost dead.
The hobgoblin closely misses you. x2
You closely miss the hobgoblin.
The hobgoblin is almost dead.
The hobgoblin closely misses you. The hobgoblin hits you.
The hobgoblin attacks as you move away! The hobgoblin hits you.
* * * LOW HITPOINT WARNING * * *
The hobgoblin attacks as you move away!
The hobgoblin hits you but does no damage.
A bat comes into view.
The hobgoblin attacks as you move away! The hobgoblin hits you.
You die...

.........#
#........##.
#...........
#..........b ..
#........... ...
#..?)....#
...##........##.
........gg......
..#....@....##.
#.........+ ...
#.........###...
####..............
.............##..
.....##.......#.#
.....
#.......#.######
..##
#..............#
#.
#...............#


You could see 2 hobgoblins and a bat.

Vanquished Creatures
  An endoplasm (D:1)
  2 bats (D:1)
  A goblin (D:1)
4 creatures vanquished.

Notes
Turn   | Place    | Note
-------+----------+-------------------------------------------
     0 | D:1      | Crownlay the Gargoyle Earth Elementalist began the quest
                  | for the Orb.
     0 | D:1      | Reached XP level 1. HP: 10/10 MP: 3/3
    83 | D:1      | Slain by a hobgoblin

Illustrated notes

Levels and vault maps discovered:
D:1:      dpeg_arrival_simpleton_a, layout_basic, ebering_ecumenical_altar_hall

Action                   || total
-------------------------++-------
Melee: Unarmed           ||     3
 Cast: Sandblast         ||     6
Armor: Robe              ||     3
Dodge: Dodged            ||     4

Table legend: (Time is in decaauts)
 A = Elapsed time spent in this place.
 B = Non-inter-level travel time spent in this place.
 C = Inter-level travel time spent in this place.
 D = Time resting spent in this place.
 E = Time spent auto-exploring this place.
 F = Levels seen in this place.
 G = Mean time per level.
                   A        B        C        D        E       F      G
               +--------+--------+--------+--------+--------+-----+--------+
         Total |     83 |     83 |      0 |      0 |     58 |   1 |   83.0 |
       Dungeon |     83 |     83 |      0 |      0 |     58 |   1 |   83.0 |
               +--------+--------+--------+--------+--------+-----+--------+

Top non-repeatable levels by time:
     D:1: 83 daAuts
